 Dungeon Crawl Stone Soup version 0.17-a0-1718-g72dbe4d (webtiles) character file.

58 George the Slasher (level 3, -7/27 HPs)
             Began as a Demonspawn Gladiator on Aug 26, 2015.
             Mangled by an ice beast (8 damage)
             ... on level 3 of the Dungeon.
             The game lasted 00:02:11 (1663 turns).

George the Slasher (Demonspawn Gladiator)           Turns: 1663, Time: 00:02:11

Health: -7/27      AC:  7    Str: 16    XL:     3   Next: 75%
Magic:  3/3        EV: 16    Int:  9    God:
Gold:   147        SH:  0    Dex: 18    Spells: 0 memorised, 2 levels left

rFire  . . .     SeeInvis .     a - +0 long sword
rCold  . . .     Clarity  .     k - +0 scale mail
rNeg   . . .     SustAt   .     (no shield)
rPois  .         Gourm    .     c - +0 helmet
rElec  .         Spirit   .     (no cloak)
rCorr  .         Warding  .     (no gloves)
rMut   .         Stasis   .     (no boots)
MR     .....                    (no amulet)
Stlth  +.........               (no ring)
                                (no ring)

@: agile, not resistant to hostile enchantments, very unstealthy
A: powered by pain 1
a: no special abilities


You were on level 3 of the Dungeon.
You were hungry.

You visited 1 branch of the dungeon, and saw 3 of its levels.

You collected 147 gold pieces.

Inventory:

Hand weapons
 a - a +0 long sword (weapon)
Missiles
 d - 2 throwing nets (quivered)
Armour
 c - a +0 helmet (worn)
 k - a +0 scale mail (worn)
Scrolls
 h - a scroll of enchant weapon {unknown}
 l - a scroll of enchant armour {unknown}
 m - 3 scrolls of magic mapping {unknown}
 p - 4 scrolls of identify {unknown}
 q - a scroll of noise {unknown}
Potions
 f - a potion of might {unknown}
 g - a potion of flight {unknown}
 i - 2 potions of curing {unknown}
 n - a potion of haste {unknown}
 o - a potion of brilliance {unknown}
Comestibles
 e - a bread ration
 j - 5 fruits
 r - a beef jerky


   Skills:
 - Level 2.0 Fighting
 + Level 4.3 Long Blades
 - Level 1.7 Throwing
 - Level 2.6 Dodging


You had 2 spell levels left.
You didn't know any spells.

Dungeon Overview and Level Annotations

Branches:
Dungeon (3/15)

Altars:


Innate Abilities, Weirdness & Mutations

You sometimes gain a little power by taking damage.


Message History

The net rips apart, and the ice beast comes free!
You hit the ice beast.
The ice beast is severely wounded.
The ice beast hits you but does no damage.
You slash the ice beast!
The ice beast is almost dead.
The ice beast closely misses you.
Your scale mail prevents you from hitting the ice beast.
The ice beast is almost dead.
The ice beast barely misses you.
You barely miss the ice beast.
The ice beast is almost dead.
The ice beast misses you. The ice beast hits you. The ice beast freezes you.
* * * LOW HITPOINT WARNING * * *
You barely miss the ice beast.
The ice beast is almost dead.
The ice beast hits you.
* * * LOW HITPOINT WARNING * * *
The ice beast freezes you!
You die...

#.. #.# #.# #####
#.# ##...## #.#
.....8##### #.#
...†......# #Y#
.8.<...##.### #@#
.......##...## #.#
#....8##..#..# #.#
##...###.....###.#
###.##........#.#
......#..#....#
.##............#
#..#......#..#
..........)..#


You could see an ice beast.

Vanquished Creatures
  An adder (D:2)
  3 oozes
  A worm (D:2)
  A goblin (D:2)
  8 hobgoblins
  6 jackals
  A kobold (D:1)
  A ball python (D:2)
  4 bats
  A giant newt (D:2)
  4 rats
31 creatures vanquished.

Notes
Turn   | Place    | Note
--------------------------------------------------------------
     0 | D:1      | George the Demonspawn Gladiator began the quest for the Orb.
     0 | D:1      | Reached XP level 1. HP: 16/16 MP: 1/1
   233 | D:1      | Reached skill level 3 in Long Blades
   418 | D:1      | Gained mutation: You sometimes gain a little power by taking damage. [demonic ancestry]
   418 | D:1      | Reached XP level 2. HP: 16/22 MP: 2/2
  1194 | D:2      | Reached XP level 3. HP: 27/27 MP: 3/3
  1231 | D:2      | Reached skill level 4 in Long Blades
  1651 | D:3      | Noticed an ice beast
  1663 | D:3      | HP: 1/27 [ice beast (3)]
  1663 | D:3      | Mangled by an ice beast

Vault maps used:
D:1:      dpeg_arrival_rooms_a, minmay_curled_crystal,
          kennysheep_decorative_pillar, minmay_strange_pillars,
          hangedman_glass_teeth, serial_bayou_lagoon_a
D:3:      grunt_temple_overflow_open, kiku_gazebo_garden_becter,
          ashenzari_conservatory_becter, first_bread, minivault_26,
          minmay_misc_feat_plants, grunt_ministairs_1

Action                   || total
-------------------------++-------
Melee: Long sword        ||   116
Throw: Throwing net      ||     1
 Stab: Held in net/web   ||     2
  Eat: Chunk             ||     2
